 Dungeon Crawl Stone Soup version 0.30.1-4-g462c640d31 (webtiles) character file.

Game seed: 8728387432145130553

65 Babbit the Covered (level 3, -1/33 HPs)
             Began as a Minotaur Fighter on Aug 11, 2023.
             Slain by Sigmund
             ... wielding a +0 scythe
              (6 damage)
             ... on level 3 of the Dungeon.
             The game lasted 00:04:03 (1229 turns).

Babbit the Covered (Minotaur Fighter)               Turns: 1229, Time: 00:04:03

Health: -1/33      AC: 13    Str: 34    XL:     3   Next: 92%
Magic:  2/2        EV:  8    Int:  5    God:
Gold:   66         SH:  0    Dex:  9    Spells: 2/2 levels left

rFire   . . .        a - +0 war axe
rCold   . . .        c - +0 buckler
rNeg    . . .        i - +0 plate armour
rPois   .            (helmet restricted)
rElec   .            n - +0 cloak {Will+}
rCorr   .            (no gloves)
SInv    .            (no boots)
Will    +....        (no amulet) Stlth
                     g - +6 ring of strength
HPRegen 0.25/turn    h - +6 ring of strength
MPRegen 0.08/turn

%: no passive effects
@: confused
A: horns 2, retaliatory headbutt
a: no special abilities


You were on level 3 of the Dungeon.
You visited 1 branch of the dungeon, and saw 3 of its levels.

You collected 66 gold pieces.

Inventory:

Hand Weapons
 a - a +0 war axe (weapon)
Armour
 c - a +0 buckler (worn)
 i - a +0 plate armour (worn)
 n - a +0 cloak of willpower (worn)
Jewellery
 g - a +6 ring of strength (left hand)
 h - a +6 ring of strength (right hand)
Scrolls
 e - 2 scrolls of teleportation {unknown}
 k - a scroll of enchant armour {unknown}
 o - a scroll of fog {unknown}
Potions
 b - a potion of heal wounds {unknown}
 d - a potion of might
 f - 2 potions of curing {unknown}
 j - a potion of degeneration {unknown}
 l - a potion of resistance {unknown}
 m - a potion of attraction {unknown}


   Skills:
 + Level 4.0 Fighting
 + Level 3.3 Axes
 + Level 4.5 Armour
 + Level 0.7 Dodging
 + Level 4.1 Shields


You had 2 spell levels left.
You didn't know any spells.
Your spell library was empty.

Dungeon Overview and Level Annotations

Branches:
Dungeon (3/15)

Altars:
Makhleb

Annotations:
D:3 Sigmund


Innate Abilities, Weirdness & Mutations

You have a pair of horns on your head.
You reflexively headbutt those who attack you in melee.


Message History

Found a shiny copper wand and a viscous ruby potion.
Sigmund hits you but does no damage.
Found a puce potion.
A goblin comes into view. It is wielding a +0 dagger.
Sigmund barely misses you.
The goblin shouts!
You hit Sigmund. Your headbutt misses Sigmund.
Sigmund is moderately wounded.
Sigmund mumbles some strange words.
Sigmund flickers and vanishes!
Deactivating autopickup; reactivate with Ctrl-A.
You completely miss something. Something hits you.
You barely miss something. Something hits you but does no damage.
You slash something! Something hits you but does no damage.
You miss something. Your headbutt misses something. You hit the goblin.
You kill the goblin!
You closely miss something. Your headbutt misses something. Something hits you.
You miss something. Something hits you.
You miss something. Your headbutt misses something. Something hits you.
You barely miss something. Something hits you.
You miss something. Something hits you.
* * * LOW HITPOINT WARNING * * *
You barely miss something. Something hits you.
* * * LOW HITPOINT WARNING * * *
You barely miss something. Something hits you but does no damage.
Unknown command.
You closely miss something. Your headbutt misses something.
You barely miss something. Something hits you but does no damage.
You slash something!
You hear some strange, mumbled words.
A puff of flame appears from out of thin air!
The puff of flame hits you.
* * * LOW HITPOINT WARNING * * *
Something hits you.
* * * LOW HITPOINT WARNING * * *
You miss something.
You hear some strange, mumbled words.
You are confused.
Something hits you.
You die...

#########
.......@##############
#######.....<........#
......{)###########†#
######..# #.### #./#
#.... #..# ##### ....
....! ..!..


There were no monsters in sight!

Vanquished Creatures
  Crazy Yiuf (D:2)
  A dart slug (D:3)
  4 orcs (D:2)
  3 bats
  An endoplasm (D:2)
  4 goblins
  4 hobgoblins
  3 jackals (D:2)
  A quokka (D:1)
  A ball python (D:3)
  2 frilled lizards
  A kobold (D:1)
  4 rats
30 creatures vanquished.

Notes
Turn   | Place    | Note
-------+----------+-------------------------------------------
     0 | D:1      | Babbit the Minotaur Fighter began the quest for the Orb.
     0 | D:1      | Reached XP level 1. HP: 19/19 MP: 0/0
   125 | D:1      | Reached XP level 2. HP: 27/27 MP: 1/1
   629 | D:2      | Reached XP level 3. HP: 33/33 MP: 2/2
   738 | D:2      | Found a burning altar of Makhleb.
   985 | D:2      | Found a runed translucent door.
   986 | D:2      | Noticed Crazy Yiuf
   995 | D:2      | Killed Crazy Yiuf
  1208 | D:3      | Noticed Sigmund
  1229 | D:3      | Slain by Sigmund

Illustrated notes

Levels and vault maps discovered:
D:1:      reono_arrival_mine, layout_basic, serial_park_tiny_pond,
          solitary_fountain, st_stairs_3, corexii_leaking_fountain
D:2:      layout_loops_cross, basic_altar, minmay_misc_feat_square,
          minmay_pentomino_s2, uniq_crazy_yiuf_cottage
D:3:      layout_loops_ring, tso_metal_star, lemuel_crystal_altar,
          hellmonk_ecumenical_altar_arch_garden, serial_shops, shop,
          nicolae_shop_vocational, uniq_sigmund

Skill      XL: |  1  2  3 |
---------------+----------+-----
Armour         | 4 |  4.5
Fighting       | 4 |  4.0
Axes           | 3 |  3.3
Shields        | 4 |  4.1
Dodging        | |  0.7

Action                     || total
---------------------------++-------
  Melee: War axe           ||    70
         Headbutt          ||    12
 Armour: Scale mail        ||    13
         Plate armour      ||    12
  Dodge: Dodged            ||    18
  Block: Buckler           ||    13
